 Dungeon Crawl Stone Soup version 0.31-a0-986-g5e6e4ef867 (webtiles) character file.

Game seed: 406151358966441461

1453 zenocrate the Chiller (level 8, -3/59 HPs)
             Began as a Green Draconian Ice Elementalist on Nov 16, 2023.
             Was a Believer of Ru.
             Shot with a sling bullet by Joseph (18 damage)
             ... on level 7 of the Dungeon.
             The game lasted 00:09:20 (6371 turns).

zenocrate the Chiller (DrIE)                        Turns: 6371, Time: 00:09:21

Health: -3/59      AC:  6    Str: 10    XL:     8   Next: 47%
Magic:  17/18      EV:  7    Int: 18    God:    Ru [**....]
Gold:   106        SH:  0    Dex: 12    Spells: 13/20 levels left

rFire   . . .        b - +1 short sword (drain)
rCold   . . .        (no shield)
rNeg    . . .        (body armour unavailable)
rPois   +            (helmet currently unavailable)
rElec   .            (cloak currently unavailable)
rCorr   .            (gloves currently unavailable)
SInv    .            (boots currently unavailable)
Will    .....        q - amulet of regeneration
Stlth   ++           (no ring)
HPRegen 1.09/turn    (no ring)
MPRegen 0.16/turn

%: inaccuracy (-5)
@: beast-form
A: beast (slay +1), breathe noxious fumes, AC +6, unfitting armour, poison
resistance, cold-blooded, reduced EV 1, missing an eye
a: Breathe Noxious Fumes, Begin Untransformation, Renounce Religion


You were on level 7 of the Dungeon.
You worshipped Ru.
Ru was pleased with you.
You were a hulking beast.
You visited 2 branches of the dungeon, and saw 8 of its levels.

You collected 308 gold pieces.
You spent 202 gold pieces at shops.

Inventory:

Hand Weapons
 a - the +0 trident of Success {heavy, rF+ Dex+3}
   (You found it on level 5 of the Dungeon)

   Dex+3:     It affects your dexterity (+3).
   rF+:       It protects you from fire.
 b - a +1 short sword of draining (weapon)
Armour
 m - a +1 pair of gloves of infusion
Jewellery
 q - an amulet of regeneration (around neck)
Talismans
 c - a beast talisman (active)
Wands
 j - a wand of flame (23)
 n - a wand of acid (9)
Scrolls
 g - a scroll of immolation
 i - 2 scrolls of enchant armour
 k - 2 scrolls of revelation {unknown}
 l - 2 scrolls of brand weapon {unknown}
 p - a scroll of silence {unknown}
 s - a scroll of butterflies
 t - 4 scrolls of teleportation
 v - a scroll of enchant weapon {unknown}
 w - a scroll of torment {unknown}
Potions
 d - 2 potions of magic
 e - 4 potions of enlightenment
 f - 2 potions of attraction
 h - 2 potions of curing
 o - a potion of lignification {unknown}
 r - 4 potions of brilliance
 u - a potion of might {unknown}


   Skills:
 + Level 1.3 Fighting
 - Level 3.0 Dodging
 - Level 1.7 Stealth
 + Level 6.7 Spellcasting
 + Level 7.3 Ice Magic
 - Level 3.1 Shapeshifting


You had 13 spell levels left.
You knew the following spells:

 Your Spells              Type           Power      Damage    Failure   Level
a - Freeze                Ice            100%       1d10      1%          1
b - Frozen Ramparts       Ice            64%        1d10      1%          3
c - Ozocubu's Armour      Ice            32%        N/A       1%          3

Your spell library contained the following spells:

 Spells                   Type           Power      Damage    Failure   Level
 Ensorcelled Hibernation  Hex/Ice        38%        N/A       3%          2
 Hailstorm                Conj/Ice       19%        3d6       8%          3
 Jinxbite                 Hex            12%        N/A       17%         2
 Sublimation of Blood     Necr           6%         N/A       17%         2
 Wereblood                Tmut           6%         N/A       17%         2
 Summon Ice Beast         Ice/Summ       19%        N/A       24%         4
 Anguish                  Hex/Necr       3%         N/A       73%         4
 Simulacrum               Ice/Necr       9%         N/A       98%         6
 Summon Hydra             Summ           3%         N/A       100%        7


Dungeon Overview and Level Annotations

Branches:
Dungeon (7/15)             Temple (1/1) D:6

Altars:
Ashenzari
Cheibriados
Dithmenos
Elyvilon
Fedhas
Hepliaklqana
Kikubaaqudgha
Makhleb
Nemelex Xobeh
Okawaru
Qazlal
Ru
Trog
Vehumet
Wu Jian
Xom
Zin

Shops:
D:2 !   D:4 *

Annotations:
D:6 1 runed translucent door, zenocrate's ghost, novice DrIE
D:7 Joseph


Innate Abilities, Weirdness & Mutations

You are a hulking beast.
Your limbs bulge with bestial killing power. (Slay +1)
You can breathe blasts of noxious fumes.
Your lurid green scales are hard. (AC +6)
You cannot fit into any form of body armour.
Your system is resistant to poisons. (rPois)
You are cold-blooded and may be slowed by cold attacks.
You have somewhat slow reflexes. (EV -5)
You are missing an eye, making it more difficult to aim.


Message History

The gnoll is severely wounded.
The gnoll closely misses you. The gnoll hits you but does no damage.
Joseph shoots a sling bullet.
The sling bullet hits you.
There are monsters nearby!
Casting: Freeze (safe; 1% risk of failure)
Confirm with . or Enter, or press ? or * to list all spells.
Aiming: Freeze (safe; 1% risk of failure)
Press: ? - help, Shift-Dir - straight line, f - gnoll
Aim: a gnoll, wielding a +0 whip (severely wounded, heavily drained)
You freeze the gnoll.
The gnoll is severely wounded.
The gnoll hits you but does no damage.
The gnoll hits you from afar with a +0 spear.
Joseph shoots a sling bullet.
The sling bullet hits you.
Casting: Freeze (safe; 1% risk of failure)
Confirm with . or Enter, or press ? or * to list all spells.
Aiming: Freeze (safe; 1% risk of failure)
Press: ? - help, Shift-Dir - straight line, f/p - gnoll
Aim: a gnoll, wielding a +0 whip (severely wounded, heavily drained)
You freeze the gnoll.
You kill the gnoll!
The gnoll hits you from afar with a +0 spear.
Joseph shoots a sling bullet.
The sling bullet barely misses you.
Unknown command.
The gnoll hits you with a +0 spear.
Joseph shoots a sling bullet.
The sling bullet hits you!
You completely miss the gnoll. The gnoll hits you but does no damage.
Joseph shoots a sling bullet.
The sling bullet hits you!
* * * LOW HITPOINT WARNING * * *
You hit the gnoll. You drain the gnoll.
Your tail-slap misses the gnoll.
The gnoll is severely wounded.
The gnoll closely misses you.
Joseph shoots a sling bullet.
The sling bullet completely misses you.
You are too injured to fight recklessly!
You closely miss the gnoll.
The gnoll is severely wounded.
The gnoll hits you with a +0 spear.
* * * LOW HITPOINT WARNING * * *
Joseph shoots a sling bullet.
The sling bullet hits you!!
You die...

........... ..
#.....|...#
..###....#....#
...#..........$
...............
...............
......#g.......
.......h)......
...>...<.......
......#........
..>..####......
....# ....##
.... #....# ...
....# .. ...@.
....


You could see Joseph and a gnoll (very drained).

Vanquished Creatures
  Grinder (D:3)
  An orc warrior (D:6)
  An ice beast (D:6)
  An ogre (D:5)
  A phantom (D:5)
  3 scorpions
  2 howler monkeys
  2 jellies (D:6)
  3 orc priests (D:6)
  A hound (D:6)
  4 iguanas
  A gnoll bouda (D:4)
  Jessica (D:3)
  A sleepcap (D:4)
  2 orc wizards
  8 gnolls
  8 adders
  A white imp (D:5)
  2 ufetubi (D:5)
  3 worms
  2 dart slugs (D:3)
  17 orcs
  4 bats
  An endoplasm (D:3)
  2 giant cockroaches
  4 goblins
  4 hobgoblins
  2 jackals (D:1)
  5 ball pythons
  A frilled lizard (D:2)
  A kobold (D:3)
  3 rats
93 creatures vanquished.

Notes
Turn   | Place    | Note
-------+----------+-------------------------------------------
     0 | D:1      | zenocrate the Draconian Ice Elementalist began the quest
                  | for the Orb.
     0 | D:1      | Reached XP level 1. HP: 14/14 MP: 3/3
   422 | D:1      | Reached XP level 2. HP: 20/20 MP: 0/5
   912 | D:2      | Found Luxzeh's Distillery.
   964 | D:2      | Bought a potion of degeneration for 10 gold pieces
   965 | D:2      | Bought a potion of heal wounds for 50 gold pieces
  1030 | D:2      | HP: 1/20 [poisoned by an adder]
  1398 | D:1      | Reached XP level 3. HP: 19/26 MP: 0/7
  1402 | D:1      | Learned a level 3 spell: Frozen Ramparts
  1406 | D:1      | Learned a level 3 spell: Ozocubu's Armour
  1688 | D:2      | Bought a potion of curing for 30 gold pieces
  1713 | D:2      | Reached XP level 4. HP: 27/33 MP: 3/9
  1851 | D:2      | Found a sacrificial altar of Ru.
  1905 | D:2      | Became a worshipper of Ru the Awakened
  2185 | D:3      | Noticed Grinder
  2205 | D:3      | Paralysed by Grinder for 2 turns
  2208 | D:3      | Killed Grinder
  2209 | D:3      | Reached skill level 5 in Ice Magic
  2209 | D:3      | Reached XP level 5. HP: 8/38 MP: 9/12
  2209 | D:3      | Reached XP level 6. HP: 10/45 MP: 9/13
  2820 | D:3      | Noticed Jessica
  2826 | D:3      | Killed Jessica
  2827 | D:3      | Reached skill level 5 in Spellcasting
  3333 | D:4      | Reached skill level 1 in Shapeshifting
  3440 | D:4      | Gained mutation: You are missing an eye, making it more
                  | difficult to aim. [Ru sacrifice]
  3440 | D:4      | Reached * piety under Ru
  3865 | D:4      | Your scales start taking on a lurid green colour.
  3865 | D:4      | Reached XP level 7. HP: 50/50 MP: 9/15
  3865 | D:4      | Gained mutation: Your system is resistant to poisons.
                  | (rPois) [Green Draconian growth]
  4007 | D:4      | Reached skill level 6 in Ice Magic
  4020 | D:4      | Found Byxunla's Bounteous Boutique.
  4031 | D:4      | Bought a potion of brilliance for 56 gold pieces
  4031 | D:4      | Bought a scroll of butterflies for 56 gold pieces
  4278 | D:5      | Entered Level 5 of the Dungeon
  4879 | D:5      | Identified the +5 scale mail "Evako" {Fly rPois Int+3}
  4908 | D:5      | Found an ornate altar of the Wu Jian Council.
  4980 | D:5      | Found an iron altar of Okawaru.
  5213 | D:5      | Found a snail-covered altar of Cheibriados.
  5272 | D:5      | Identified the +0 trident of Success {heavy, rF+ Dex+3}
  5470 | D:6      | Reached XP level 8. HP: 57/57 MP: 17/17
  5515 | D:6      | Found a staircase to the Ecumenical Temple.
  5618 | Temple   | Entered the Ecumenical Temple
  5701 | D:6      | Found a runed translucent door.
  5736 | D:6      | Gained mutation: You have somewhat slow reflexes. (EV -5)
                  | [Ru sacrifice]
  5736 | D:6      | Reached ** piety under Ru
  5813 | D:6      | Reached skill level 7 in Ice Magic
  6069 | D:6      | Noticed zenocrate's ghost (novice DrIE)
  6069 | D:6      | Noticed a komodo dragon
  6119 | D:7      | Noticed Joseph
  6261 | D:6      | Reached skill level 1 in Fighting
  6371 | D:7      | Shot with a sling bullet by Joseph

Illustrated notes

Levels and vault maps discovered:
D:1:      minmay_arrival_five_plusses, layout_basic
D:2:      layout_basic, serial_shops, nicolae_shop_industrial_runoff,
          basic_altar
D:3:      layout_basic, uniq_jessica, uniq_grinder
D:4:      layout_basic, minmay_misc_feat_diagonals, hangedman_decor_opposing,
          nicolae_alphabet_shops
D:5:      layout_basic, overflow_temple_1_default,
          mainiacjoe_overflow_big_doors, minmay_liquid_box
D:6:      layout_cave_pools, minmay_temple_entry_gardened_gates,
          ebering_ghost_inner_flame, hex_tiny
D:7:      layout_cave_pools, mainiacjoe_overflow_alcove_1,
          mainiacjoe_overflow_alcove_2, serial_shops, shop, uniq_joseph
Temple:   nicolae_temple_bog_church

Skill      XL: |  1  2  3  4  5  6  7  8 |
---------------+-------------------------+-----
Spellcasting   | 3 4 5 6 |  6.7
Ice Magic      | 5 6 7 |  7.3
Shapeshifting  | 1 3 |  3.1
Dodging        | 2 3 |  3.0
Fighting       | 1 |  1.3
Stealth        | |  1.7

Action                     |  1- 3 |  4- 6 |  7- 9 || total
---------------------------+-------+-------+-------++-------
  Melee: Unarmed           |    19 |       |       ||    19
         Trident           |    18 |    56 |    13 ||    87
         Tailslap          |     1 |     4 |    15 ||    20
         Dagger            |       |       |    97 ||    97
         Punch             |       |       |     2 ||     2
         Short sword       |       |       |    43 ||    43
   Cast: Freeze            |    44 |    29 |    34 ||   107
         Frozen Ramparts   |     1 |     6 |     9 ||    16
         Ozocubu's Armour  |       |     1 |     3 ||     4
 Invoke: Sacrifice an Eye  |       |     1 |       ||     1
         Sacrifice Health  |       |       |     1 ||     1
Ability: Breathe Noxious F |       |       |     3 ||     3
  Evoke: Wand              |       |     8 |       ||     8
    Use: Scroll            |     4 |     2 |       ||     6
         Potion            |       |     1 |       ||     1
   Stab: Sleeping          |     1 |     5 |     1 ||     7
 Armour: Skin              |    38 |    45 |   125 ||   208
  Dodge: Dodged            |    37 |    50 |    96 ||   183
   Form: Beast             |       |     1 |       ||     1

Table legend: (Time is in decaauts)
 A = Elapsed time spent in this place.
 B = Non-inter-level travel time spent in this place.
 C = Inter-level travel time spent in this place.
 D = Time resting spent in this place.
 E = Time spent auto-exploring this place.
 F = Levels seen in this place.
 G = Mean time per level.
                   A        B        C        D        E       F      G
               +--------+--------+--------+--------+--------+-----+--------+
         Total |   6372 |   6003 |    369 |     22 |   4993 |   8 |  796.5 |
       Dungeon |   6370 |   6002 |    368 |     22 |   4993 |   7 |  910.0 |
        Temple |      1 |      1 |      0 |      0 |      0 |   1 |    1.0 |
               +--------+--------+--------+--------+--------+-----+--------+

Top non-repeatable levels by time:
     D:3: 1195 daAuts
     D:5: 1109 daAuts
     D:2: 1058 daAuts
     D:1: 1048 daAuts
     D:4: 1002 daAuts
     D:6: 937 daAuts
     D:7: 18 daAuts
  Temple: 1 daAuts
